 Dungeon Crawl Stone Soup version 0.28.0-53-g5a82cb258f (webtiles) character file.

Game seed: 933304847885114130

14 PentaManta the Cudgeller (level 2, -2/19 HPs)
             Began as a Gargoyle Berserker on June 15, 2022.
             Was a Follower of Trog.
             Killed from afar by Sigmund (8 damage)
             ... with a puff of flame
             ... on level 2 of the Dungeon.
             The game lasted 00:01:02 (724 turns).

PentaManta the Cudgeller (Gargoyle Berserker)        Turns: 724, Time: 00:01:03

Health: -2/19      AC:  6    Str: 20    XL:     2   Next: 41%
Magic:  2/2        EV: 11    Int:  7    God:    Trog [*.....]
Gold:   12         SH:  0    Dex:  9    Spells: 1/1 levels left

rFire   . . .      SeeInvis .   a - +0 mace
rCold   . . .      Faith    .   (no shield)
rNeg    + . .      Spirit   .   c - +0 leather armour
rPois   ∞          Reflect  .   (no helmet)
rElec   +          Harm     .   (no cloak)
rCorr   .          Rampage  .   (no gloves)
Will    .....                   (no boots)
Stlth   +.........              (no amulet)
HPRegen 0.06/turn               (no ring)
MPRegen 0.08/turn               (no ring)

@: on berserk cooldown
A: sickness immunity, AC +2, negative energy resistance 1, electricity
resistance, torment resistance 1, petrification resistance
a: Renounce Religion, Berserk


You were on level 2 of the Dungeon.
You worshipped Trog.
Trog was aware of your devotion.
You visited 1 branch of the dungeon, and saw 2 of its levels.

You collected 12 gold pieces.

Inventory:

Hand Weapons
 a - a +0 mace (weapon)
Armour
 b - a +0 animal skin
 c - a +0 leather armour (worn)
Scrolls
 e - a scroll of teleportation {unknown}
Potions
 d - a potion of mutation {unknown}
 f - a potion of ambrosia {unknown}


   Skills:
 - Level 3.2 Fighting
 + Level 3.7 Maces & Flails
 - Level 2.1 Armour
 - Level 1.5 Dodging


You had one spell level left.
You didn't know any spells.
Your spell library was empty.

Dungeon Overview and Level Annotations

Branches:
Dungeon (1/15)

Altars:
Kikubaaqudgha

Annotations:
D:2 Sigmund


Innate Abilities, Weirdness & Mutations

You are immune to sickness and miasma.
Your stone body is resilient. (AC +2)
You are immune to poison.
You resist negative energy. (rN+)
You are resistant to electric shocks. (rElec)
You are resistant to unholy torment.
You are immune to petrification.


Message History

You completely miss Sigmund.
Sigmund is heavily wounded.
You closely miss Sigmund.
Sigmund is heavily wounded.
Sigmund gestures at you while chanting.
You are confused.
You bump into the rock wall.
Sigmund closely misses you.
You feel a strong urge to attack something.
You feel your anger nearly subside.
You are no longer berserk.
You are exhausted.
You feel yourself slow down. Sigmund casts a spell at you.
The magic dart hits you. Sigmund casts a spell at you.
The puff of flame misses you.
You feel less confused. Sigmund gestures at you while chanting.
The magic dart hits you but does no damage.
Sigmund screams, "You will never...
NEVER!!!"
Sigmund mumbles some strange words.
Sigmund flickers and vanishes!
Deactivating autopickup; reactivate with Ctrl-A.
Found a stone staircase leading up.
A magic dart appears from out of thin air!
The magic dart hits you but does no damage.
Something tries to affect you, but you resist.
An endoplasm comes into view.
The endoplasm quivers.
The endoplasm barely misses you.
The endoplasm hits you but does no damage.
The endoplasm freezes you.
You are frozen.
The endoplasm hits you but does no damage.
Something hits you!
Ouch! That really hurt!
The endoplasm hits you but does no damage.
You feel yourself speed up.
A puff of flame appears from out of thin air!
The puff of flame hits you!
You die...

...# #..# $# #..# ..
#..# .# #..# .#
########..# .#
...<...#..#######.#
#..@J.........#
#.###...#####.$#####
#..{###..........
#............###.
#...##.##..._..##
##.# #.##...^..# ...
#.........# ###
####.###.## #.# .#


You could see an endoplasm.

Vanquished Creatures
  A bat (D:1)
  2 endoplasms (D:1)
  2 giant cockroaches (D:1)
  3 goblins (D:1)
  A hobgoblin (D:1)
  2 frilled lizards (D:1)
11 creatures vanquished.

Notes
Turn   | Place    | Note
-------+----------+-------------------------------------------
     0 | D:1      | PentaManta the Gargoyle Berserker began the quest for the
                  | Orb.
     0 | D:1      | Reached XP level 1. HP: 14/14 MP: 1/1
   108 | D:1      | Reached XP level 2. HP: 8/19 MP: 2/2
   688 | D:1      | You fall into a shaft and drop 1 floor!
   688 | D:2      | Noticed Sigmund
   690 | D:2      | Found an ancient bone altar of Kikubaaqudgha.
   724 | D:2      | Killed from afar by Sigmund

Illustrated notes

Levels and vault maps discovered:
D:1:      saegor_arrival_under_anarchy, layout_basic
D:2:      layout_loops_ring, basic_ecumenical_altar, basic_altar, uniq_robin,
          uniq_sigmund

Action                   || total
-------------------------++-------
Melee: Mace              ||    38
Invok: Berserk           ||     1
Armor: Animal skin       ||     2
       Leather armour    ||    14
Dodge: Dodged            ||    20
